 Dungeon Crawl Stone Soup version 0.29-a0-320-g9f8742066b (webtiles) character file.

Game seed: 11462480313929197718

58 sammy202020 the Skirmisher (level 3, -3/29 HPs)
             Began as a Demonspawn Berserker on Apr 2, 2022.
             Was a Believer of Trog.
             Slain by a gnoll
             ... wielding a +0 spear
              (4 damage)
             ... on level 3 of the Dungeon.
             The game lasted 00:02:11 (1091 turns).

sammy202020 the Skirmisher (Demonspawn Berserker)   Turns: 1091, Time: 00:02:12

Health: -3/29      AC:  7    Str: 17    XL:     3   Next: 76%
Magic:  3/3        EV: 12    Int: 10    God:    Trog [**....]
Gold:   46         SH:  0    Dex: 12    Spells: 2/2 levels left

rFire   . . .      SeeInvis .   a - +0 hand axe
rCold   . . .      Faith    .   (no shield)
rNeg    . . .      Spirit   .   e - +0 leather armour
rPois   +          Reflect  .   c - +2 helmet
rElec   .          Harm     .   (no cloak)
rCorr   .          Rampage  .   (no gloves)
Will    ++...                   g - +0 pair of boots
Stlth   +.........              (no amulet)
HPRegen 1.09/turn               b - ring of poison resistance
MPRegen 0.08/turn               (no ring)

@: strong-willed, regenerating
A: powered by pain 1, weakness stinger 1
a: Renounce Religion, Berserk, Trog's Hand


You were on level 3 of the Dungeon.
You worshipped Trog.
Trog was pleased with you.
You visited 1 branch of the dungeon, and saw 3 of its levels.

You collected 46 gold pieces.

Inventory:

Hand Weapons
 a - a +0 hand axe (weapon)
Missiles
 h - 9 poisoned darts (quivered)
Armour
 c - a +2 helmet (worn)
 e - a +0 leather armour (worn)
 g - a +0 pair of boots (worn)
Jewellery
 b - a ring of poison resistance (left hand)
Scrolls
 d - 2 scrolls of enchant armour {unknown}
 f - a scroll of identify
 j - a scroll of teleportation
 k - a scroll of blinking
Potions
 i - 3 potions of curing
 l - a potion of invisibility


   Skills:
 * Level 3.5 Fighting
 * Level 3.1 Axes
 * Level 2.5 Armour
 + Level 2.2 Dodging


You had 2 spell levels left.
You didn't know any spells.
Your spell library was empty.

Dungeon Overview and Level Annotations

Branches:
Dungeon (3/15)

Altars:
Kikubaaqudgha


Innate Abilities, Weirdness & Mutations

You sometimes gain a little power by taking damage.
You have a small tail.


Message History

You hit the gnoll.
The gnoll is heavily wounded.
You hit the gnoll.
A goblin comes into view. It is wielding a +0 club.
The gnoll hits you with a +0 whip.
You barely miss the gnoll.
The gnoll is heavily wounded.
You closely miss the gnoll. The gnoll hits you with a +0 flail!
The gnoll closely misses you.
You hit the gnoll but do no damage.
The gnoll is heavily wounded.
You hit the gnoll. The gnoll hits you with a +0 whip!
The gnoll hits you but does no damage.
The gnoll hits you from afar with a +0 spear.
* * * LOW HITPOINT WARNING * * *
You are too injured to fight recklessly!
You are too injured to fight recklessly!
You are too injured to fight recklessly!
You are too injured to fight recklessly!
You are too injured to fight recklessly!
You are too injured to fight recklessly!
You are too injured to fight recklessly!
You are too injured to fight recklessly!
You are too injured to fight recklessly!
You are too injured to fight recklessly!
You are too injured to fight recklessly!
You are too injured to fight recklessly!
You are too injured to fight recklessly!
You are too injured to fight recklessly!
You are too injured to fight recklessly!
You are too injured to fight recklessly!
Unknown command.
Your skin crawls.
You feel strong-willed. The gnoll hits you with a +0 flail.
* * * LOW HITPOINT WARNING * * *
The goblin hits you with a +0 club.
* * * LOW HITPOINT WARNING * * *
The gnoll hits you from afar with a +0 spear.
You die...

#.###.........
#......#......
#.............
#.............
#...........
#.........
#.....g#
#....@g#
#...g..#
#....g.#
#......#
#......#
#.......
$.......
.#....#...


You could see 3 gnolls and a goblin.

Vanquished Creatures
  3 adders (D:2)
  2 endoplasms
  A giant cockroach (D:2)
  A hobgoblin (D:1)
  6 jackals (D:1)
  2 ball pythons
  4 bats
  3 frilled lizards
  3 goblins (D:1)
  3 kobolds
  3 rats (D:2)
31 creatures vanquished.

Notes
Turn   | Place    | Note
-------+----------+-------------------------------------------
     0 | D:1      | sammy202020 the Demonspawn Berserker began the quest for
                  | the Orb.
     0 | D:1      | Reached XP level 1. HP: 18/18 MP: 1/1
    39 | D:1      | Gained mutation: You have a small tail. [demonic ancestry]
    39 | D:1      | Reached XP level 2. HP: 8/24 MP: 2/2
   481 | D:2      | Gained mutation: You sometimes gain a little power by
                  | taking damage. [demonic ancestry]
   481 | D:2      | Reached XP level 3. HP: 28/29 MP: 3/3
   511 | D:2      | Reached ** piety under Trog
   970 | D:2      | Found an ancient bone altar of Kikubaaqudgha.
  1091 | D:3      | HP: 1/29 [goblin/+0 club (1)]
  1091 | D:3      | Slain by a gnoll

Illustrated notes

Levels and vault maps discovered:
D:1:      ncdulo_lavacross, layout_rooms
D:2:      layout_basic, basic_altar
D:3:      layout_basic, nicolae_overflow_crystal_walls, serial_shops,
          nicolae_shop_bloodbath_and_beyond, gup_sewer_entry_pipe,
          minmay_cut_off, uniq_grinder, uniq_terence, uniq_crazy_yiuf_cottage

Skill      XL: |  1  2 |
---------------+-------+-----
Armour         | 2 |  2.5
Axes           | 3 |  3.1
Dodging        | 2 |  2.2
Fighting       | |  3.5

Action                   || total
-------------------------++-------
Melee: Hand axe          ||    89
       Tailslap          ||     5
Invok: Trog's Hand       ||     1
  Use: Scroll            ||     6
Armor: Animal skin       ||    19
       Leather armour    ||    30
Dodge: Dodged            ||    88

Table legend: (Time is in decaauts)
 A = Elapsed time spent in this place.
 B = Non-inter-level travel time spent in this place.
 C = Inter-level travel time spent in this place.
 D = Time resting spent in this place.
 E = Time spent auto-exploring this place.
 F = Levels seen in this place.
 G = Mean time per level.
                   A        B        C        D        E       F      G
               +--------+--------+--------+--------+--------+-----+--------+
         Total |   1103 |   1078 |     25 |      0 |    796 |   3 |  367.7 |
       Dungeon |   1103 |   1078 |     25 |      0 |    796 |   3 |  367.7 |
               +--------+--------+--------+--------+--------+-----+--------+

Top non-repeatable levels by time:
     D:2: 652 daAuts
     D:1: 444 daAuts
     D:3: 6 daAuts
